 Dungeon Sprint DCSS version 0.30-a0-50-gb2d611f6b1 (webtiles) character file.

Game seed: 18293219718596056793

135 rocky1 the Trooper (level 5, -1/61 HPs)
             Began as an Ogre Gladiator on Sept 5, 2022.
             Was a Follower of Okawaru.
             Killed by divine providence
             ... invoked by an orc priest
              (8 damage)
             ... in the Dungeon (Sprint VII: "The Pits").
             The game lasted 00:01:31 (349 turns).

rocky1 the Trooper (Ogre Gladiator)                  Turns: 349, Time: 00:01:32

Health: -1/61      AC:  3    Str: 20    XL:     5   Next: 18%
Magic:  8/8        EV: 11    Int:  9    God:    Okawaru [*.....]
Gold:   0          SH:  0    Dex: 10    Spells: 4/4 levels left

rFire   . . .      SeeInvis .    p - +1 flail (vorpal)
rCold   . . .      Faith    .    (no shield)
rNeg    . . .      Spirit   .    b - +0 robe
rPois   .          Reflect  .    c - +0 hat
rElec   .          Harm     .    (no cloak)
rCorr   .          Rampage  .    (gloves unavailable)
Will    .....      NoTele   +    (boots unavailable)
Stlth   +.........               (no amulet)
HPRegen 0.20/turn                (no ring)
MPRegen 0.11/turn                (no ring)

@: no status effects
A: large, unfitting armour, tough skin 1
a: Renounce Religion, Heroism


You were in the Dungeon.
You worshipped Okawaru.
Okawaru was aware of your devotion.
You visited 1 branch

Inventory:

Hand Weapons
 p - a +1 vorpal flail (weapon)
Missiles
 d - 3 throwing nets (quivered)
 e - a large rock
Armour
 b - a +0 robe (worn)
 c - a +0 hat (worn)
Scrolls
 k - a scroll of blinking
 m - 5 scrolls of amnesia
 n - a scroll of summoning
Potions
 f - 6 potions of curing
 g - 6 potions of heal wounds
 h - a potion of haste
 i - 4 potions of magic
 j - 3 potions of berserk rage
 l - 2 potions of invisibility


   Skills:
 + Level 6.4 Fighting
 * Level 5.2 Maces & Flails
 - Level 4.4 Throwing
 + Level 4.9 Dodging
 - Level 4.2 Invocations


You had 4 spell levels left.
You didn't know any spells.
Your spell library was empty.

Dungeon Overview and Level Annotations

Branches:
Dungeon (1/1)

Altars:
Ashenzari
Cheibriados
Dithmenos
Elyvilon
Fedhas
Gozag
Hepliaklqana
Kikubaaqudgha
Makhleb
Nemelex Xobeh
Okawaru
Qazlal
Ru
Sif Muna
Trog
Uskayaw
Vehumet
Wu Jian
Xom
Yredelemnul
Zin
The Shining One
Jiyva
Lugonu


Innate Abilities, Weirdness & Mutations

You are too large for most types of armour.
You have tough skin. (AC +1)


Message History

Okawaru accepts your kill.
You thump the kobold!
You kill the kobold!
Okawaru accepts your kill.
The orc priest mumbles some strange prayers to Beogh against you.
Beogh smites you! The orc hits you but does no damage.
Items here: )) [ ††.
You closely miss the orc. The orc barely misses you.
You closely miss the orc. The orc hits you with a +0 whip.
You hit the orc.
The orc is moderately wounded.
The orc closely misses you.
You hit the orc but do no damage.
The orc is moderately wounded.
The orc hits you with a +0 whip.
You closely miss the orc. Your punch misses the orc.
The orc is lightly wounded.
The orc hits you but does no damage.
You thump the orc!
You kill the orc!
Okawaru accepts your kill.
The orc priest casts a cantrip, but nothing happens.
You hit the orc priest but do no damage.
The orc priest mumbles some strange prayers to Beogh against you.
Beogh smites you!
* * * LOW HITPOINT WARNING * * *
You hit the orc priest.
The orc priest is moderately wounded.
The orc priest misses you.
You hit the orc priest.
The orc priest is heavily wounded.
The orc priest mumbles some strange prayers to Beogh against you.
Beogh smites you!
* * * LOW HITPOINT WARNING * * *
You barely miss the orc priest.
The orc priest is heavily wounded.
The orc priest invokes the aid of Beogh against you.
Beogh smites you!
You die...

#'#####÷#####.....
#.#[[#.....##.....
#.#))#####'#####'#
#.#))#.....##.....
#.#))#.....##.....
#.#..###†####.....
#.##'#...†.##...<.
#.#........##.....
#@#........##.....
#o###########.....
#...l.B.# ######
#...#...# #...# .#
#.##. #.. #. #..
.. #.. ..


You could see an orc priest.

Vanquished Creatures
  A floating eye (D)
  2 ufetubi (D)
  2 adder zombies (D)
  2 orcs (D)
  A ball python (D)
  An endoplasm (D)
  A giant cockroach (D)
  A kobold (D)
  A quokka (D)
  A bat (D)
  2 frilled lizards (D)
  A giant cockroach zombie (D)
16 creatures vanquished.

Notes
Turn   | Place    | Note
-------+----------+-------------------------------------------
     0 | D        | rocky1 the Ogre Gladiator began the quest for the Orb.
     0 | D        | Reached XP level 1. HP: 22/22 MP: 1/1
    53 | D        | Found a bloodstained altar of Trog.
    53 | D        | Found a shimmering blue altar of Sif Muna.
    53 | D        | Found a viscous altar of Jiyva.
    53 | D        | Found a hazy altar of Hepliaklqana.
    53 | D        | Found an opulent altar of Gozag.
    54 | D        | Found a glowing golden altar of the Shining One.
    54 | D        | Found a glowing silver altar of Zin.
    54 | D        | Found a basalt altar of Yredelemnul.
    54 | D        | Found a shimmering altar of Xom.
    54 | D        | Found an ornate altar of the Wu Jian Council.
    54 | D        | Found a sacrificial altar of Ru.
    54 | D        | Found a stormy altar of Qazlal.
    54 | D        | Found an iron altar of Okawaru.
    54 | D        | Found a sparkling altar of Nemelex Xobeh.
    54 | D        | Found a burning altar of Makhleb.
    54 | D        | Found a blossoming altar of Fedhas.
    54 | D        | Found a white marble altar of Elyvilon.
    54 | D        | Found a shadowy altar of Dithmenos.
    54 | D        | Found a snail-covered altar of Cheibriados.
    57 | D        | Found a corrupted altar of Lugonu.
    57 | D        | Found a radiant altar of Vehumet.
    58 | D        | Found an ancient bone altar of Kikubaaqudgha.
    58 | D        | Found a hide-covered altar of Uskayaw.
    58 | D        | Found a broken altar of Ashenzari.
    62 | D        | Became a worshipper of Warmaster Okawaru
    78 | D        | Reached skill level 3 in Fighting
    78 | D        | Noticed a floating eye
    83 | D        | Paralysed by a floating eye for 3 turns
    86 | D        | Killed a floating eye
    86 | D        | Reached * piety under Okawaru
    87 | D        | Reached skill level 5 in Fighting
    87 | D        | Reached XP level 2. HP: 36/36 MP: 1/4
    87 | D        | Reached XP level 3. HP: 44/44 MP: 1/5
    87 | D        | Reached XP level 4. HP: 52/52 MP: 1/6
   100 | D        | Reached skill level 6 in Fighting
   255 | D        | Reached XP level 5. HP: 59/59 MP: 8/8
   335 | D        | Reached skill level 5 in Maces & Flails
   349 | D        | Killed from afar by an orc priest

Illustrated notes

Levels and vault maps discovered:
D:        pitsprint [storerooms_1, entrance_room_1, metal_vault_4, armoury_3,
          mini_pit_1, grid_room_1, main_hall_1, silver_pit, the_coven_1,
          the_vestibule_1, steel_vault_1, golden_pit, hallway_of_sentries,
          crystal_vault_6, iron_vault_2, final_vault]

Skill      XL: |  1  2  3  4  5 |
---------------+----------------+-----
Fighting       | 5 6 |  6.4
Maces & Flails | 4 5 |  5.2
Throwing       | 4 |  4.4
Dodging        | 4 |  4.9
Invocations    | 3 4 |  4.2

Action                   |  1- 3 |  4- 6 || total
-------------------------+-------+-------++-------
Melee: Flail             |     6 |    23 ||    29
       Mace              |     5 |    23 ||    28
Armor: Robe              |     1 |    14 ||    15
Dodge: Dodged            |     5 |    27 ||    32

Table legend: (Time is in decaauts)
 A = Elapsed time spent in this place.
 B = Non-inter-level travel time spent in this place.
 C = Inter-level travel time spent in this place.
 D = Time resting spent in this place.
 E = Time spent auto-exploring this place.
 F = Levels seen in this place.
 G = Mean time per level.
                   A        B        C        D        E       F      G
               +--------+--------+--------+--------+--------+-----+--------+
         Total |    357 |    337 |     20 |    145 |      0 |   1 |  357.0 |
       Dungeon |    357 |    337 |     20 |    145 |      0 |   1 |  357.0 |
               +--------+--------+--------+--------+--------+-----+--------+

Top non-repeatable levels by time:
       D: 357 daAuts
